 Dungeon Crawl Stone Soup version 0.29.1 (webtiles) character file.

Game seed: 1081278181863643627

772 qw the Chopper (level 7, -2/44 HPs)
             Began as a Gargoyle Fighter on Sept 13, 2022.
             Slain by a phantom (6 damage)
             ... on level 5 of the Dungeon.
             The game lasted 00:01:47 (5222 turns).

qw the Chopper (Gargoyle Fighter)                   Turns: 5222, Time: 00:01:48

Health: -2/44      AC: 17    Str: 22    XL:     7   Next: 83%
Magic:  7/7        EV:  7    Int:  8    God:
Gold:   188        SH:  4    Dex:  9    Spells: 6/6 levels left

rFire   . . .      SeeInvis .   Y - +0 war axe
rCold   . . .      Faith    .   c - +0 buckler
rNeg    + . .      Spirit   .   j - +0 chain mail
rPois   inf        Reflect  .   l - +0 helmet
rElec   +          Harm     .   (no cloak)
rCorr   .          Rampage  .   b - +1 pair of gloves
Will    .....                   (no boots)
Stlth   ..........              (no amulet)
HPRegen 0.14/turn               (no ring)
MPRegen 0.10/turn               (no ring)

@: no status effects
A: sickness immunity, AC +4, negative energy resistance 1, electricity
resistance, torment resistance 1, petrification resistance
a: no special abilities


You were on level 5 of the Dungeon.
You visited 1 branch of the dungeon, and saw 5 of its levels.

You collected 188 gold pieces.


Innate Abilities, Weirdness & Mutations

You are immune to sickness and miasma.
Your stone body is resilient. (AC +4)
You are immune to poison.
You resist negative energy. (rN+)
You are resistant to electric shocks. (rElec)
You are resistant to unholy torment.
You are immune to petrification.


   Skills:
 + Level 4.7 Fighting
 - Level 7.0 Axes
 - Level 1.1 Throwing
 - Level 3.2 Armour
 - Level 1.3 Dodging
 - Level 3.2 Shields


You had 6 spell levels left.
You didn't know any spells.
Your spell library was empty.

Inventory:

Hand Weapons
 r - a +0 flail
 Y - a +0 war axe (weapon)
Armour
 b - a +1 pair of gloves (worn)
 c - a +0 buckler (worn)
 j - a +0 chain mail (worn)
 l - a +0 helmet (worn)
Scrolls
 e - 2 scrolls of identify
 q - 2 scrolls of fog
Potions
 a - a potion of haste
 d - a potion of might
 f - a potion of cancellation
 i - 4 potions of attraction
 n - a potion of lignification

Dungeon Overview and Level Annotations

Branches:
Dungeon (5/15)
 Temple: D:4-7

Altars:

Annotations:
D:3 1 runed translucent door, Crazy Yiuf


Message History

The iguana bites you.
The phantom hits you but does no damage.
You slash the phantom!
The phantom is heavily damaged.
You barely miss the iguana.
The iguana bites you but does no damage.
The phantom hits you but does no damage.
You closely miss the phantom.
The phantom is heavily damaged.
You barely miss the iguana. The iguana bites you.
The phantom closely misses you.
You barely miss the phantom.
The phantom is heavily damaged.
You hit the iguana but do no damage. The iguana bites you.
The phantom barely misses you.
You slash the phantom!
The phantom is severely damaged.
You hit the iguana but do no damage.
The iguana bites you but does no damage.
The phantom barely misses you. The iguana bites you!
The phantom closely misses you.
You closely miss the phantom.
The phantom is severely damaged.
You barely miss the iguana.
The iguana bites you but does no damage.
The phantom hits you but does no damage.
You barely miss the phantom.
The phantom is severely damaged.
You hit the iguana but do no damage. The iguana bites you.
The phantom barely misses you.
You completely miss the phantom.
The phantom is severely damaged.
You hit the iguana but do no damage. The phantom hits you.
The iguana bites you but does no damage.
You slash the phantom!
The phantom is almost destroyed.
You hit the iguana. You block the iguana's attack. The phantom hits you.
You die...

.............# .#.#
.............##.#.# #
..................# .#
..................##.#
.....................#
...................###
.....................#..
.....#..........)W....(.
#.#..##.........@l....(.
..##............)).$..$.
#######.................
...........#............
......###..#...........#
...... .................
...... ##...#.......^...
...... ..............#
......


You could see a phantom and an iguana.

Vanquished Creatures
  An ice beast (D:5)
  An ogre (D:4)
  A phantom (D:4)
  A scorpion (D:4)
  3 hounds
  A gnoll bouda (D:5)
  An orc priest (D:5)
  Jessica (D:3)
  2 orc wizards (D:3)
  Robin (D:3)
  2 adders
  9 gnolls
  3 worms
  4 dart slugs
  10 orcs
  5 ball pythons
  4 endoplasms
  4 giant cockroaches (D:1)
  16 goblins
  15 hobgoblins
  5 quokkas
  4 bats (D:1)
  2 frilled lizards
  A kobold (D:3)
  5 rats
102 creatures vanquished.

Notes
Turn   | Place    | Note
-------+----------+-------------------------------------------
     0 | D:1      | qw the Gargoyle Fighter began the quest for the Orb.
     0 | D:1      | Reached XP level 1. HP: 14/14 MP: 1/1
     0 | D:1      | 0 ||| qw: Version: 0.1-a-119-g272c26d
     0 | D:1      | 0 ||| qw: Game counter: 11262
     0 | D:1      | 0 ||| qw: Always use a shield: true
     0 | D:1      | 0 ||| qw: God list: Okawaru
     0 | D:1      | 0 ||| qw: Allow faded altars: false
     0 | D:1      | 0 ||| qw: Do Orc after D:15 true
     0 | D:1      | 0 ||| qw: Do second Lair branch before Depths: true
     0 | D:1      | 0 ||| qw: Lair rune preference: random
     0 | D:1      | 0 ||| qw: Plans: Normal, Zot, God:TSO, Crypt, Tomb, Pan,
                  | Slime, Hells, Zig, Abyss, Orb
     0 | D:1      | 0 ||| PLANNING D:1-11
    54 | D:1      | Reached skill level 2 in Axes
   131 | D:1      | Reached XP level 2. HP: 16/19 MP: 2/2
   520 | D:1      | Reached skill level 3 in Axes
   522 | D:1      | 522 ||| READING scroll labelled KOM BOBLA UDYF.
   524 | D:1      | Found a faded altar of an unknown god.
   526 | D:1      | 526 ||| Stepping ~*~*~tactically~*~*~ (stealth).
   527 | D:1      | 527 ||| Stepping ~*~*~tactically~*~*~ (stealth).
   533 | D:1      | Reached XP level 3. HP: 23/23 MP: 3/3
   838 | D:1      | 838 ||| READING scroll labelled ZISABU PAPUYT.
   942 | D:1      | 942 ||| READING scroll labelled VAAZXO DUIF.
  1577 | D:2      | 1577 ||| Stepping ~*~*~tactically~*~*~ (stealth).
  1579 | D:2      | 1579 ||| Stepping ~*~*~tactically~*~*~ (stealth).
  1699 | D:2      | 1699 ||| FLEEEEING.
  1939 | D:2      | 1939 ||| FLEEEEING.
  1940 | D:2      | 1940 ||| FLEEEEING.
  1941 | D:2      | 1941 ||| FLEEEEING.
  2126 | D:2      | 2126 ||| FLEEEEING.
  2127 | D:2      | 2127 ||| FLEEEEING.
  2128 | D:2      | 2128 ||| FLEEEEING.
  2129 | D:2      | 2129 ||| FLEEEEING.
  2130 | D:2      | 2130 ||| FLEEEEING.
  2131 | D:2      | 2131 ||| FLEEEEING.
  2132 | D:2      | 2132 ||| FLEEEEING.
  2239 | D:2      | 2239 ||| FLEEEEING.
  2240 | D:2      | 2240 ||| FLEEEEING.
  2241 | D:2      | 2241 ||| FLEEEEING.
  2246 | D:2      | 2246 ||| STAIRDANCE
  2279 | D:1      | 2279 ||| READING 2 scrolls labelled MANWET JING.
  2280 | D:1      | 2280 ||| READING scroll labelled ARYSO PO FIU.
  2288 | D:2      | 2288 ||| FLEEEEING.
  2328 | D:2      | 2328 ||| FLEEEEING.
  2333 | D:2      | 2333 ||| STAIRDANCE
  2432 | D:2      | 2432 ||| Stepping ~*~*~tactically~*~*~ (stealth).
  2440 | D:2      | 2440 ||| Stepping ~*~*~tactically~*~*~ (stealth).
  2447 | D:2      | Reached XP level 4. HP: 28/28 MP: 4/4
  2489 | D:2      | 2489 ||| UPGRADING to +0 chain mail.
  2499 | D:2      | 2499 ||| DROPPING +0 scale mail.
  2521 | D:3      | 2521 ||| Stepping ~*~*~tactically~*~*~ (stealth).
  2522 | D:3      | 2522 ||| Stepping ~*~*~tactically~*~*~ (stealth).
  2526 | D:3      | Reached skill level 4 in Axes
  2560 | D:3      | 2560 ||| Stepping ~*~*~tactically~*~*~ (stealth).
  2562 | D:3      | 2562 ||| Stepping ~*~*~tactically~*~*~ (stealth).
  2585 | D:3      | Noticed Robin
  2586 | D:3      | 2586 ||| Stepping ~*~*~tactically~*~*~ (hiding).
  2595 | D:3      | Killed Robin
  2694 | D:3      | Noticed Jessica
  2700 | D:3      | Killed Jessica
  2701 | D:3      | Reached XP level 5. HP: 32/32 MP: 5/5
  2902 | D:3      | 2902 ||| FLEEEEING.
  2914 | D:3      | 2914 ||| Stepping ~*~*~tactically~*~*~ (hiding).
  2921 | D:3      | Reached skill level 1 in Throwing
  3212 | D:3      | 3212 ||| DROPPING +0 club.
  3313 | D:3      | 3313 ||| Stepping ~*~*~tactically~*~*~ (hiding).
  3316 | D:3      | Reached skill level 5 in Axes
  3482 | D:3      | 3482 ||| DROPPING +0 mace.
  3592 | D:3      | Reached XP level 6. HP: 38/38 MP: 6/6
  3682 | D:3      | Found a runed translucent door.
  3683 | D:3      | Noticed Crazy Yiuf
  3918 | D:3      | 3918 ||| UPGRADING to +0 pair of gloves.
  3923 | D:3      | 3923 ||| UPGRADING to +0 helmet.
  3928 | D:3      | 3928 ||| READING scroll of enchant armour.
  3928 | D:3      | 3928 ||| ENCHANTING +0 pair of gloves.
  3929 | D:3      | 3929 ||| READING scroll labelled SOEROE HA XAIVU.
  3930 | D:3      | 3930 ||| DRINKING 3 orange potions.
  3931 | D:3      | 3931 ||| DRINKING 3 dark potions.
  3932 | D:3      | 3932 ||| DRINKING 2 fuming clear potions.
  3933 | D:3      | 3933 ||| READING 4 scrolls of identify.
  3933 | D:3      | 3933 ||| IDENTIFYING inky potion
  3934 | D:3      | 3934 ||| READING 3 scrolls of identify.
  3934 | D:3      | 3934 ||| IDENTIFYING sapphire potion
  3935 | D:3      | 3935 ||| DROPPING 2 potions of brilliance.
  3936 | D:3      | 3936 ||| DROPPING potion of magic.
  4259 | D:4      | Reached XP level 7. HP: 44/44 MP: 7/7
  4584 | D:4      | Reached skill level 6 in Axes
  4947 | D:4      | 4947 ||| READING scroll labelled QACZIA ENGU.
  4957 | D:5      | Entered Level 5 of the Dungeon
  4967 | D:5      | Reached skill level 1 in Dodging
  5214 | D:5      | Reached skill level 7 in Axes
  5220 | D:5      | HP: 7/44 [iguana (6)]
  5222 | D:5      | Slain by a phantom

Levels and vault maps discovered:
D:1:      minmay_arrival_stone_box, layout_basic,
          hellmonk_ecumenical_altar_pennies_from_heaven, serial_forest,
          infiniplex_forest_lined_3_way, infiniplex_forest_straight_2,
          infiniplex_forest_straight_2, infiniplex_forest_lined_room_,
          item_on_display_a
D:2:      layout_loops_corners, moated_statue, minmay_goblin_outpost
D:3:      minmay_door_path, layout_loops_ring, uniq_jessica,
          uniq_crazy_yiuf_cottage, uniq_robin
D:4:      layout_loops_ring
D:5:      old_forge, layout_rooms, temple_fountains, sigmund_army

Skill      XL: |  1  2  3  4  5  6  7 |
---------------+----------------------+-----
Axes           | 2 3 4 5 7 |  7.0
Throwing       | 1 |  1.1
Fighting       | 4 |  4.7
Dodging        | 1 |  1.3
Armour         | |  3.2
Shields        | |  3.2

Action                   |  1- 3 |  4- 6 |  7- 9 || total
-------------------------+-------+-------+-------++-------
Melee: War axe           |   118 |   114 |    70 ||   302
Throw: Javelin           |       |    11 |    15 ||    26
  Use: Scroll            |     5 |     4 |     1 ||    10
       Potion            |       |     3 |       ||     3
Armor: Scale mail        |    69 |       |       ||    69
       Chain mail        |       |    53 |    53 ||   106
Dodge: Dodged            |    76 |    30 |    26 ||   132
Block: Buckler           |    28 |    13 |    12 ||    53

Table legend:
 A = Non-vault XP
 B = Vault XP
 C = Vault XP percentage of total XP
 D = Non-vault monster count
 E = Vault monster count
 F = Vault count percentage of total count
                 A         B        C        D         E       F
            +---------+---------+-------+---------+---------+-------
      Total |     997 |     106 |   9.6 |      80 |      22 |  21.6
            +---------+---------+-------+---------+---------+-------
        D:1 |      47 |       0 |   0.0 |      23 |       0 |   0.0
        D:2 |      26 |      10 |  27.8 |      12 |       5 |  29.4
        D:3 |     147 |      96 |  39.5 |      16 |      17 |  51.5
        D:4 |     435 |       0 |   0.0 |      17 |       0 |   0.0
        D:5 |     342 |       0 |   0.0 |      12 |       0 |   0.0
            +---------+---------+-------+---------+---------+-------
